 Dungeon Crawl Stone Soup version 0.31-a0-237-g2d982f9f85 (webtiles) character file.

Game seed: 7768415918844208111

194 arthad the Placeless Gnoll (level 5, -11/36 HPs)
             Began as a Gnoll Wanderer on July 11, 2023.
             Killed by divine providence
             ... invoked by an orc priest
              (15 damage)
             ... on level 4 of the Dungeon.
             The game lasted 00:03:40 (1842 turns).

arthad the Placeless Gnoll (Gnoll Wanderer)         Turns: 1842, Time: 00:03:40

Health: -11/36     AC:  7    Str: 10    XL:     5   Next: 73%
Magic:  0/9        EV:  8    Int: 17    God:
Gold:   83         SH:  0    Dex:  9    Spells: 9/10 levels left

rFire   + . .        a - +0 club
rCold   . . .        (no shield)
rNeg    . . .        c - +0 scale mail
rPois   +            (no helmet)
rElec   .            (no cloak)
rCorr   .            (no gloves)
SInv    .            (no boots)
Will    .....        (no amulet) Stlth
                     h - ring of protection from fire
HPRegen 0.26/turn    (no ring)
MPRegen 0.11/turn

%: random rage (3%)
@: very slightly contaminated
A: fangs 1, strong nose, distributed training, berserk 1, frail 1, poison
resistance
a: no special abilities


You were on level 4 of the Dungeon.
You visited 1 branch of the dungeon, and saw 3 of its levels.

You collected 83 gold pieces.

Inventory:

Hand Weapons
 a - a +0 club (weapon)
Armour
 c - a +0 scale mail (worn)
Jewellery
 h - a ring of protection from fire (left hand)
Scrolls
 b - a scroll of fog
 e - a scroll of enchant weapon
 g - a scroll of noise {unknown}


   Skills:
 + Level 3.1 Fighting
 + Level 1.7 Short Blades
 + Level 1.7 Long Blades
 + Level 1.7 Axes
 + Level 1.7 Maces & Flails
 + Level 1.7 Polearms
 + Level 1.7 Staves
 + Level 1.7 Ranged Weapons
 + Level 1.7 Throwing
 + Level 4.9 Armour
 + Level 1.7 Dodging
 + Level 1.7 Stealth
 + Level 1.7 Shields
 + Level 1.7 Unarmed Combat
 + Level 3.3 Spellcasting
 + Level 1.3 Conjurations
 + Level 1.3 Hexes
 + Level 1.3 Summonings
 + Level 1.3 Necromancy
 + Level 8.9 Translocations
 + Level 1.3 Transmutations
 + Level 1.3 Fire Magic
 + Level 1.3 Ice Magic
 + Level 1.3 Air Magic
 + Level 2.5 Earth Magic
 + Level 1.3 Poison Magic
 + Level 1.9 Invocations
 + Level 1.7 Evocations


You had 9 spell levels left.
You knew the following spells:

 Your Spells              Type           Power      Damage    Failure   Level
a - Sandblast             Erth           22%        2d7       34%         1

Your spell library contained the following spells:

 Spells                   Type           Power      Damage    Failure   Level
 Apportation              Tloc           66%        N/A       2%          1
 Gell's Gravitas          Tloc           33%        N/A       8%          3
 Volatile Blastmotes      Fire/Tloc      40%        2d13      36%         3
 Stone Arrow              Conj/Erth      18%        3d8       80%         3
 Alistair's Intoxication  Tmut/Pois      4%         N/A       100%        5


Dungeon Overview and Level Annotations

Branches:
Dungeon (2/15)

Altars:


Innate Abilities, Weirdness & Mutations

You have very sharp teeth.
Your uncanny sense of smell can sniff out nearby items.
Your experience applies equally to all skills.
You sometimes lose your temper in combat.
You are frail. (-10% HP)
Your system is resistant to poisons. (rPois)


Message History

You miscast Sandblast.
Nothing appears to happen.
The orc closely misses you.
The blast of sand hits the orc!
You kill the orc!
The orc priest casts a cantrip, but nothing happens.
You miscast Sandblast.
Nothing appears to happen.
The orc priest calls down the wrath of Beogh upon you.
You barely resist.
The blast of sand hits the orc priest but does no damage.
The orc priest barely misses you.
You miscast Sandblast.
Nothing appears to happen.
The orc priest barely misses you.
The blast of sand misses the orc priest.
The orc priest calls down the wrath of Beogh upon you.
Beogh smites you! The orc hits you with a +0 club.
You are too injured to fight recklessly!
You are too injured to fight recklessly!
Aiming: Sandblast (safe; 34% risk of failure)
Press: ? - help, Q - select action Shift-Dir - straight line, f/p - orc priest
Aim: an orc priest, wielding a +0 morningstar and wearing a +0 scale mail (84% to hit)
The blast of sand hits the orc priest but does no damage.
The orc priest closely misses you. The orc hits you with a +0 club.
* * * LOW HITPOINT WARNING * * *
The orc hits you but does no damage.
The orc priest hits you with a +0 morningstar.
* * * LOW HITPOINT WARNING * * *
Aiming: Sandblast (safe; 34% risk of failure)
Press: ? - help, Q - select action Shift-Dir - straight line, f/p - orc priest
Aim: an orc priest, wielding a +0 morningstar and wearing a +0 scale mail (84% to hit)
You miscast Sandblast.
Nothing appears to happen.
The orc priest calls down the wrath of Beogh upon you.
Pain shoots through your body!
* * * LOW HITPOINT WARNING * * *
The orc barely misses you.
Unknown command.
As you read the scroll labelled CIPYOT MIGEI, it crumbles to dust.
It is a scroll of identify.
e - a scroll of enchant weapon The orc priest calls down the wrath of Beogh upon you.
Beogh smites you!
You die... #.#.# #.#.# ... ###### #.#.# oo #....# #.#.# ∆oo

#....# #.#.# #.
#....#∆ #.#.#
#####) #....# #
#....
#.....#####....#.#
#....
#.........#@...#.#
#....
#.........#oo....#
#....
#.........o#.....#
#.###
#.....####.......#
#.# ######
##......# #.#
##.######### #.#
#..........
#...##### #
###.#######.#


You could see an orc priest and 2 orcs.

Vanquished Creatures
  A phantom (D:4)
  2 orc priests (D:4)
  An orc wizard (D:4)
  4 orcs (D:4)
  7 endoplasms
  2 giant cockroaches (D:1)
  2 hobgoblins
  3 kobolds (D:1)
  3 quokkas
  3 ball pythons
  2 bats (D:1)
  A frilled lizard (D:1)
  4 rats (D:1)
35 creatures vanquished.

Notes
Turn   | Place    | Note
-------+----------+-------------------------------------------
     0 | D:1      | arthad the Gnoll Wanderer began the quest for the Orb.
     0 | D:1      | arthad set off with the following items: a +0 club, a
                  | scroll of fog, a +0 scale mail; and the following spells
                  | available to memorise: Apportation, Gell's Gravitas,
                  | Sandblast, Volatile Blastmotes, Stone Arrow.
     0 | D:1      | Reached XP level 1. HP: 17/17 MP: 4/4
     2 | D:1      | Learned a level 1 spell: Sandblast
   146 | D:1      | Reached XP level 2. HP: 23/23 MP: 5/5
   642 | D:1      | HP: 1/23 [endoplasm (1)]
   915 | D:1      | Reached XP level 3. HP: 28/28 MP: 1/7
  1315 | D:2      | You fall into a shaft and drop 2 floors!
  1404 | D:4      | Reached skill level 1 in Short Blades
  1404 | D:4      | Reached skill level 1 in Long Blades
  1404 | D:4      | Reached skill level 1 in Axes
  1404 | D:4      | Reached skill level 1 in Maces & Flails
  1404 | D:4      | Reached skill level 1 in Polearms
  1404 | D:4      | Reached skill level 1 in Staves
  1404 | D:4      | Reached skill level 1 in Ranged Weapons
  1404 | D:4      | Reached skill level 1 in Throwing
  1404 | D:4      | Reached skill level 1 in Dodging
  1404 | D:4      | Reached skill level 1 in Stealth
  1404 | D:4      | Reached skill level 1 in Shields
  1404 | D:4      | Reached skill level 1 in Unarmed Combat
  1404 | D:4      | Reached skill level 1 in Invocations
  1404 | D:4      | Reached skill level 1 in Evocations
  1404 | D:4      | Reached XP level 4. HP: 18/34 MP: 5/8
  1411 | D:4      | Reached skill level 1 in Conjurations
  1411 | D:4      | Reached skill level 1 in Hexes
  1411 | D:4      | Reached skill level 1 in Summonings
  1411 | D:4      | Reached skill level 1 in Necromancy
  1411 | D:4      | Reached skill level 1 in Transmutations
  1411 | D:4      | Reached skill level 1 in Fire Magic
  1411 | D:4      | Reached skill level 1 in Ice Magic
  1411 | D:4      | Reached skill level 1 in Air Magic
  1411 | D:4      | Reached skill level 1 in Poison Magic
  1411 | D:4      | Gained mutation: You sometimes lose your temper in combat.
                  | [potion of mutation]
  1411 | D:4      | Gained mutation: You are frail. (-10% HP) [potion of
                  | mutation]
  1411 | D:4      | Gained mutation: Your system is resistant to poisons.
                  | (rPois) [potion of mutation]
  1541 | D:4      | Reached XP level 5. HP: 13/36 MP: 1/9
  1675 | D:4      | Noticed a phantom
  1690 | D:4      | Killed a phantom
  1842 | D:4      | Killed from afar by an orc priest

Illustrated notes

Levels and vault maps discovered:
D:1:      dpeg_arrival_pond, layout_loops_ring, minmay_box_of_dots
D:2:      layout_loops_cross
D:4:      layout_basic, nicolae_ru_great_annihilating_truth

Skill      XL: |  1  2  3  4  5 |
---------------+----------------+-----
Earth Magic    | 2 |  2.5
Short Blades   | 1 |  1.7
Long Blades    | 1 |  1.7
Axes           | 1 |  1.7
Maces & Flails | 1 |  1.7
Polearms       | 1 |  1.7
Staves         | 1 |  1.7
Ranged Weapons | 1 |  1.7
Throwing       | 1 |  1.7
Dodging        | 1 |  1.7
Stealth        | 1 |  1.7
Shields        | 1 |  1.7
Unarmed Combat | 1 |  1.7
Invocations    | 1 |  1.9
Evocations     | 1 |  1.7
Spellcasting   | 3 |  3.3
Conjurations   | 1 |  1.3
Hexes          | 1 |  1.3
Summonings     | 1 |  1.3
Necromancy     | 1 |  1.3
Transmutations | 1 |  1.3
Fire Magic     | 1 |  1.3
Ice Magic      | 1 |  1.3
Air Magic      | 1 |  1.3
Poison Magic   | 1 |  1.3
Fighting       | 3 |  3.1
Armour         | |  4.9
Translocations | |  8.9

Action                     |  1- 3 |  4- 6 || total
---------------------------+-------+-------++-------
  Melee: Club              |   130 |    21 ||   151
         Bite              |    10 |     1 ||    11
   Cast: Sandblast         |    10 |    28 ||    38
    Use: Potion            |       |     3 ||     3
         Scroll            |       |     1 ||     1
 Armour: Scale mail        |    78 |    21 ||    99
  Dodge: Dodged            |    69 |    24 ||    93

Table legend: (Time is in decaauts)
 A = Elapsed time spent in this place.
 B = Non-inter-level travel time spent in this place.
 C = Inter-level travel time spent in this place.
 D = Time resting spent in this place.
 E = Time spent auto-exploring this place.
 F = Levels seen in this place.
 G = Mean time per level.
                   A        B        C        D        E       F      G
               +--------+--------+--------+--------+--------+-----+--------+
         Total |   1915 |   1892 |     23 |    340 |   1170 |   3 |  638.3 |
       Dungeon |   1915 |   1892 |     23 |    340 |   1170 |   3 |  638.3 |
               +--------+--------+--------+--------+--------+-----+--------+

Top non-repeatable levels by time:
     D:1: 1157 daAuts
     D:4: 559 daAuts
     D:2: 198 daAuts
